 Dungeon Crawl Stone Soup version 0.30-a0-702-gdf48620a09 (webtiles) character file.

Game seed: 13271479475700253895

3517 bande the Cleaver (level 10, -21/61 HPs)
             Began as a Gargoyle Fighter on Jan 22, 2023.
             Demolished by a large slime creature (31 damage)
             ... on level 8 of the Dungeon.
             The game lasted 00:12:39 (8839 turns).

bande the Cleaver (Gargoyle Fighter)                Turns: 8839, Time: 00:12:40

Health: -21/61     AC: 22    Str: 21    XL:     10   Next: 8%
Magic:  10/10      EV:  7    Int:  8    God:
Gold:   562        SH: 10    Dex: 13    Spells: 9/9 levels left

rFire   + . .      SeeInvis .    a - +1 war axe
rCold   . . .      Faith    .    c - +0 buckler
rNeg    + . .      Spirit   .    u - +0 chain mail
rPois   ∞          Reflect  +    (no helmet)
rElec   +          Harm     .    (no cloak)
rCorr   .          Rampage  .    g - +1 pair of gloves
Will    .....                    m - +1 pair of boots Stlth
                                 s - amulet of reflection
HPRegen 0.30/turn                l - ring of protection from fire
MPRegen 0.12/turn                (no ring)

@: no status effects
A: sickness immunity, AC +7, negative energy resistance 1, electricity
resistance, torment resistance 1, petrification resistance
a: no special abilities


You were on level 8 of the Dungeon.
You visited 2 branches of the dungeon, and saw 9 of its levels.

You collected 572 gold pieces.
You spent 10 gold pieces at shops.

Inventory:

Hand Weapons
 a - a +1 war axe (weapon)
 j - a +2 vampiric morningstar
Missiles
 b - a throwing net (quivered)
Armour
 c - a +0 buckler (worn)
 g - a +1 pair of gloves (worn)
 m - a +1 pair of boots (worn)
 u - a +0 chain mail (worn)
Jewellery
 l - a ring of protection from fire (left hand)
 o - a +6 ring of intelligence
 s - an amulet of reflection (around neck)
 y - an amulet of the acrobat
 A - a +4 ring of slaying
Wands
 n - a wand of flame (9)
 t - a wand of mindburst (13)
 B - a wand of acid (9)
Scrolls
 p - 2 scrolls of teleportation
 r - a scroll of blinking
 v - a scroll of enchant weapon
 x - a scroll of identify
 D - a scroll of fog
Potions
 d - 3 potions of might
 e - a potion of brilliance {unknown}
 f - 2 potions of ambrosia
 h - a potion of flight {unknown}
 i - a potion of resistance {unknown}
 k - 2 potions of haste
 q - a potion of berserk rage {unknown}
 w - 3 potions of curing {unknown}
 z - a potion of heal wounds
 C - a potion of mutation {unknown}


   Skills:
 + Level 6.7 Fighting
 + Level 8.7 Axes
 + Level 7.1 Armour
 + Level 5.5 Shields
 * Level 5.0 Evocations


You had 9 spell levels left.
You didn't know any spells.
Your spell library contained the following spells:

 Spells                   Type           Power      Damage    Failure   Level
 Apportation              Tloc           0%         N/A       99%         1
 Necrotise                Necr           0%         1d4       99%         1
 Summon Small Mammal      Summ           0%         N/A       99%         1
 Static Discharge         Conj/Air       0%         2-2/arc   100%        2
 Portal Projectile        Hex/Tloc       0%         N/A       100%        3
 Tukima's Dance           Hex            0%         N/A       100%        3
 Vhi's Electric Charge    Tloc/Air       0%         N/A       100%        3
 Summon Lightning Spire   Summ/Air       0%         N/A       100%        4
 Arcjolt                  Conj/Air       0%         1d10      100%        5
 Blade Hands              Tmut           0%         N/A       100%        5
 Lightning Bolt           Conj/Air       0%         1d11      100%        5
 Storm Form               Tmut/Air       0%         N/A       100%        7
 Maxwell's Capacitive Co  Air            0%         ∞         100%        8


Dungeon Overview and Level Annotations

Branches:
Dungeon (8/15)             Temple (1/1) D:4
   Lair: D:8-11

Altars:
Ashenzari
Cheibriados
Dithmenos
Fedhas
Hepliaklqana
Kikubaaqudgha
Makhleb
Qazlal
Ru
Sif Muna
Uskayaw
Vehumet
Wu Jian
Xom
Yredelemnul
Zin
The Shining One
Lugonu

Shops:
D:1 !   D:3 (

Annotations:
D:7 3 runed translucent doors, experimilk's ghost, novice DrCj


Innate Abilities, Weirdness & Mutations

You are immune to sickness and miasma.
Your stone body is resilient. (AC +7)
You are immune to poison.
You resist negative energy. (rN+)
You are resistant to electric shocks. (rElec)
You are resistant to unholy torment.
You are immune to petrification.


Message History

You slash the slime creature!
The slime creature is severely wounded.
You barely miss the large slime creature.
You slash the slime creature! The slime creature barely misses you.
The slime creature hits you but does no damage.
The large slime creature hits you.
Unknown command.
You hit the slime creature.
The slime creature is severely wounded.
You slash the large slime creature! You hit the slime creature.
You block the slime creature's attack. x2
You block the large slime creature's attack.
The howler monkey hoots and howls with incredible vigour!
You hear a shout!
You slash the slime creature!
The slime creature is almost dead.
You slash the slime creature! You hit the large slime creature.
The slime creature hits you but does no damage. x2
The large slime creature barely misses you.
Unknown command.
You slash the slime creature!
You kill the slime creature!
You slash the large slime creature! You hit the slime creature.
The slime creature hits you.
The large slime creature hits you but does no damage.
You have reached level 10!
You slash the howler monkey!
The howler monkey is severely wounded.
You slash the slime creature!
You kill the slime creature!
You barely miss the large slime creature.
You block the howler monkey's attack. The large slime creature hits you!!
The howler monkey hoots and howls with incredible vigour!
The large slime creature hits you!!
* * * LOW HITPOINT WARNING * * *
Your Evocations skill increases to level 5!
The large slime creature attacks as you move away!
The large slime creature hits you!!
Ouch! That really hurt!
You die...

.)#......# #.....#
..#......# #.....#
..#......# #.....#
..#......###+####.....#
###......#......#.....#
########......#.....#
.......###'###
#.....J#.....#
#....h@.....#
#.....#.....#
#.....#.....#
#############


You could see a large slime creature and a howler monkey (catching breath).

Vanquished Creatures
  Maggie (D:6)
  A hornet (D:7)
  Prince Ribbit (D:6)
  2 slime creatures (D:8)
  A wraith (D:8)
  4 ice beasts (D:7)
  An orc warrior (D:8)
  2 black bears (D:7)
  2 ogres (D:5)
  Blork the orc (D:5)
  2 kobold brigands
  2 scorpions
  2 necrophages
  5 howler monkeys
  2 jellies
  3 hounds
  4 orc priests
  2 gnoll boudas (D:6)
  2 orc wizards
  6 iguanas
  20 gnolls
  4 adders
  2 shadow imps (D:5)
  A white imp (D:7)
  An ufetubus (D:5)
  A worm (D:3)
  4 dart slugs
  21 orcs
  3 bat zombies (D:4)
  4 endoplasms
  A giant cockroach (D:3)
  12 goblins
  6 hobgoblins
  8 jackals
  7 quokkas
  6 ball pythons
  7 bats
  4 frilled lizards
  15 kobolds
  6 rats
  A rat zombie (D:4)
  A spectral orc (D:8)
181 creatures vanquished.

Vanquished Creatures (others)
  3 bushes (D:8)
  A demonic plant (Temple)
  12 plants (D:8)
16 creatures vanquished.

Grand Total: 197 creatures vanquished

Notes
Turn   | Place    | Note
-------+----------+-------------------------------------------
     0 | D:1      | bande the Gargoyle Fighter began the quest for the Orb.
     0 | D:1      | Reached XP level 1. HP: 14/14 MP: 1/1
    89 | D:1      | Reached XP level 2. HP: 19/19 MP: 2/2
   292 | D:1      | Found Sierag's Distillery.
   308 | D:1      | Bought a potion of degeneration for 10 gold pieces
   622 | D:1      | Reached skill level 2 in Axes
   622 | D:1      | Reached XP level 3. HP: 24/24 MP: 3/3
  1384 | D:2      | Found a basalt altar of Yredelemnul.
  1554 | D:3      | Reached XP level 4. HP: 27/29 MP: 4/4
  1889 | D:3      | Found Wilealef's Weapon Boutique.
  2261 | D:4      | Reached skill level 3 in Axes
  2283 | D:4      | Reached XP level 5. HP: 29/33 MP: 5/5
  2466 | D:4      | Found a staircase to the Ecumenical Temple.
  2509 | Temple   | Entered the Ecumenical Temple
  2715 | D:4      | Reached skill level 4 in Axes
  2715 | D:4      | Reached XP level 6. HP: 39/39 MP: 6/6
  2830 | D:4      | Found a glowing silver altar of Zin.
  2904 | D:4      | Found an ancient bone altar of Kikubaaqudgha.
  2933 | D:5      | Entered Level 5 of the Dungeon
  3118 | D:5      | Reached skill level 1 in Evocations
  3169 | D:5      | Reached XP level 7. HP: 35/44 MP: 7/7
  3352 | D:5      | Reached skill level 5 in Axes
  3671 | D:5      | Reached skill level 5 in Armour
  4310 | D:5      | Noticed Blork the orc
  4321 | D:5      | Reached skill level 5 in Fighting
  4324 | D:5      | Killed Blork the orc
  4325 | D:5      | Reached XP level 8. HP: 40/49 MP: 8/8
  4687 | D:5      | Found a sacrificial altar of Ru.
  5334 | D:6      | Noticed Prince Ribbit
  5360 | D:6      | Killed Prince Ribbit
  5361 | D:6      | Reached skill level 6 in Axes
  5893 | D:6      | Noticed Maggie
  5918 | D:6      | Killed Maggie
  5936 | D:6      | Reached XP level 9. HP: 37/55 MP: 9/9
  6223 | D:6      | Reached skill level 7 in Axes
  6236 | D:6      | HP: 2/55 [howler monkey (1)]
  6724 | D:6      | Found a shadowy altar of Dithmenos.
  6864 | D:7      | Found a runed translucent gate.
  6865 | D:7      | Found a runed translucent gate.
  6865 | D:7      | Noticed a two-headed ogre
  6866 | D:7      | Found a runed translucent gate.
  6866 | D:7      | Noticed experimilk's ghost (novice DrCj)
  6962 | D:7      | Reached skill level 5 in Shields
  7066 | D:7      | Found a hide-covered altar of Uskayaw.
  7603 | D:7      | Noticed a hornet
  7620 | D:7      | Killed a hornet
  7621 | D:7      | Reached skill level 8 in Axes
  8059 | D:8      | Found a stormy altar of Qazlal.
  8304 | D:8      | Found a blossoming altar of Fedhas.
  8439 | D:8      | Found a hazy altar of Hepliaklqana.
  8838 | D:8      | Reached XP level 10. HP: 56/61 MP: 10/10
  8839 | D:8      | Reached skill level 5 in Evocations
  8839 | D:8      | Demolished by a large slime creature

Illustrated notes

Levels and vault maps discovered:
D:1:      dpeg_arrival_rooms_with_view, layout_basic, serial_shops, shop_coins
D:2:      layout_basic, basic_altar
D:3:      layout_loops_cross, serial_shops, nicolae_shop_hallway_stairs
D:4:      layout_basic, zin_statuary, lemuel_zombie_altar_kikubaaqudgha,
          temple_pool_b, kennysheep_nondescript
D:5:      layout_cave_pods, lemuel_coloured_pillars_altar,
          minmay_increasing_density, uniq_blork_the_orc
D:6:      layout_loops_ring, nicolae_dithmenos_the_darkroom, chequers_arboretum,
          uniq_prince_ribbit1, uniq_maggie
D:7:      layout_gridville, nicolae_uskayaw_murder_on_the_dancefloor,
          gammafunk_ghost_split, minivault_19
D:8:      layout_gridville, grunt_qazlal_clouds, fedhas_altar_decomposition,
          nicolae_hepliaklqana_monster_ancestors, grunt_ogre_cave,
          kennysheep_generic_room_7, uniq_joseph, uniq_erica
Temple:   corrupted_temple

Skill      XL: |  1  2  3  4  5  6  7  8  9 10 |
---------------+-------------------------------+-----
Axes           | 2 3 4 5 6 8 |  8.7
Fighting       | 4 5 6 |  6.7
Armour         | 4 5 6 7 |  7.1
Shields        | 4 5 |  5.5
Evocations     | 1 2 3 4 5 |  5.0

Action                   |  1- 3 |  4- 6 |  7- 9 | 10-12 || total
-------------------------+-------+-------+-------+-------++-------
Melee: War axe           |   131 |   155 |   360 |     1 ||   647
  Use: Scroll            |     5 |     5 |     4 |       ||    14
       Potion            |       |       |     3 |       ||     3
Armor: Scale mail        |    87 |   105 |    44 |       ||   236
       Chain mail        |       |       |   215 |       ||   215
Dodge: Dodged            |    81 |    72 |   139 |       ||   292
Block: Buckler           |    37 |    46 |   105 |     1 ||   189

Table legend: (Time is in decaauts)
 A = Elapsed time spent in this place.
 B = Non-inter-level travel time spent in this place.
 C = Inter-level travel time spent in this place.
 D = Time resting spent in this place.
 E = Time spent auto-exploring this place.
 F = Levels seen in this place.
 G = Mean time per level.
                   A        B        C        D        E       F      G
               +--------+--------+--------+--------+--------+-----+--------+
         Total |   9016 |   8881 |    135 |   2183 |   4882 |   9 | 1001.8 |
       Dungeon |   8962 |   8827 |    135 |   2183 |   4856 |   8 | 1120.2 |
        Temple |     54 |     54 |      0 |      0 |     26 |   1 |   54.0 |
               +--------+--------+--------+--------+--------+-----+--------+

Top non-repeatable levels by time:
     D:5: 2281 daAuts
     D:6: 1669 daAuts
     D:7: 1230 daAuts
     D:1: 952 daAuts
     D:8: 796 daAuts
     D:3: 786 daAuts
     D:4: 723 daAuts
     D:2: 522 daAuts
  Temple: 54 daAuts
